 Dungeon Sprint DCSS version 0.30.1-11-g7821555f0a (webtiles) character file.

Game seed: 9188044057057474273

222 Heoruswealwe the Spear-Bearer (level 5, 0/53 HPs)
             Began as a Minotaur Fighter on Dec 29, 2023.
             Was an Initiate of Gozag.
             Killed from afar by an acid dragon (15 damage)
             ... with a splash of acid
             ... in the Dungeon (Sprint IX: "|||||||||||||||||||||||||||||").
             The game lasted 00:01:10 (126 turns).

Heoruswealwe the Spear-Bearer (Minotaur Fighter)     Turns: 126, Time: 00:01:12

Health: 0/53       AC:  8    Str: 23    XL:     5   Next: 66%
Magic:  4/4        EV: 10    Int:  5    God:    Gozag
Gold:   0          SH:  0    Dex:  9    Spells: 4/4 levels left

rFire   . . .        b - +2 halberd (venom)
rCold   . . .        (shield currently unavailable)
rNeg    . . .        c - +0 scale mail
rPois   .            (helmet restricted)
rElec   .            (no cloak)
rCorr   .            (no gloves)
SInv    .            (no boots)
Will    .....        (no amulet) Stlth
                     (no ring)
HPRegen 0.28/turn    (no ring)
MPRegen 0.09/turn

%: no teleportation
@: gold aura
A: horns 2, retaliatory headbutt
a: Renounce Religion, Potion Petition, Call Merchant, Bribe Branch


You were in the Dungeon.
You worshipped Gozag.
Gozag was noncommittal.
You visited 1 branch

Inventory:

Hand Weapons
 a - a +0 trident
 b - a +2 halberd of venom (weapon)
Armour
 c - a +0 scale mail (worn)
 d - a +0 buckler
Jewellery
 l - a +3 ring of strength
 m - a +3 ring of intelligence
Wands
 h - a wand of quicksilver (10)
Scrolls
 j - 2 scrolls of blinking
Potions
 e - 5 potions of curing
 f - 2 potions of heal wounds
 g - a potion of haste
 i - a potion of berserk rage
 k - a potion of might


   Skills:
 + Level 7.9 Fighting
 * Level 10.2 Polearms
 + Level 7.9 Armour
 - Level 3.6 Shields


You had 4 spell levels left.
You didn't know any spells.
Your spell library was empty.

Dungeon Overview and Level Annotations

Branches:
Dungeon (1/1)

Altars:
Cheibriados
Dithmenos
Elyvilon
Fedhas
Gozag
Hepliaklqana
Kikubaaqudgha
Makhleb
Nemelex Xobeh
Okawaru
Qazlal
Ru
Sif Muna
Trog
Uskayaw
Vehumet
Wu Jian
Xom
Yredelemnul
Zin
The Shining One
Jiyva
Lugonu


Innate Abilities, Weirdness & Mutations

You have a pair of horns on your head.
You reflexively headbutt those who attack you in melee.


Message History

Your Polearms skill gained 2 levels and is now at level 9!
Your Armour skill increases to level 7!
You have reached level 5!
You closely miss the kobold brigand.
You feel very sick.
The kobold brigand hits you with a +0 dagger!
You barely miss the kobold brigand.
You feel very sick.
The kobold brigand hits you with a +0 dagger.
You puncture the kobold brigand!
The kobold brigand looks as sick as possible!
The kobold brigand is heavily wounded.
You feel sick. The kobold brigand barely misses you. You furiously retaliate!
You headbutt the kobold brigand. You closely miss the kobold brigand.
The kobold brigand is severely wounded.
You feel sick.
The kobold brigand hits you with a +0 dagger!
You slash the kobold brigand!
You kill the kobold brigand!
You feel sick.
Your Polearms skill increases to level 10!
You closely miss the acid dragon.
You feel sick.
The acid dragon bites you but does no damage.
The acid dragon claws you but does no damage.
You closely miss the acid dragon. Your headbutt misses the acid dragon.
You feel sick. The acid dragon bites you.
The acid dragon claws you but does no damage.
You closely miss the acid dragon.
You feel sick. The acid dragon closely misses you. You furiously retaliate!
You headbutt the acid dragon. The acid dragon misses you.
You slash the acid dragon!
The acid dragon is moderately wounded.
You feel sick.
You are no longer poisoned.
The vampire mosquito is distracted by your dazzling golden aura.
The acid dragon spits acid at you. The splash of acid hits you!
You die...
Your body crumbles into a pile of gold.

▓+▓
▓.▓
$
▓.▓
$
▓y▓
$ $
▓D▓
$
▓.▓
$ $
▓D▓
$
▓@▓
$
▓.▓
▓.▓
$
▓[▓
▓[▓
$
▓[▓
▓.▓
$
▓)▓
$
▓?▓
$


You could see 2 acid dragons and a vampire mosquito (unaware).

Vanquished Creatures
  A kobold brigand (D)
  A gnoll sergeant (D)
  A hound (D)
  A sleepcap (D)
  An iguana (D)
  2 orcs (D)
  2 endoplasms (D)
  A giant cockroach (D)
  A frilled lizard (D)
  A rat (D)
12 creatures vanquished.

Notes
Turn   | Place    | Note
-------+----------+-------------------------------------------
     0 | D        | Heoruswealwe the Minotaur Fighter began the quest for the
                  | Orb.
     0 | D        | Reached XP level 1. HP: 19/19 MP: 0/0
    10 | D        | Reached skill level 3 in Polearms
    33 | D        | Noticed a hound
    33 | D        | Noticed an iguana
    33 | D        | Noticed a sleepcap
    38 | D        | Killed a sleepcap
    39 | D        | Reached skill level 5 in Fighting
    39 | D        | Reached skill level 5 in Polearms
    39 | D        | Reached skill level 5 in Armour
    39 | D        | Reached XP level 2. HP: 27/29 MP: 1/1
    39 | D        | Reached XP level 3. HP: 33/36 MP: 2/2
    51 | D        | Reached skill level 6 in Polearms
    56 | D        | Reached skill level 7 in Polearms
    56 | D        | Reached XP level 4. HP: 39/44 MP: 3/3
    62 | D        | Found a snail-covered altar of Cheibriados.
    62 | D        | Found a shadowy altar of Dithmenos.
    62 | D        | Found a white marble altar of Elyvilon.
    62 | D        | Found a blossoming altar of Fedhas.
    62 | D        | Found an opulent altar of Gozag.
    63 | D        | Found a hazy altar of Hepliaklqana.
    64 | D        | Found a viscous altar of Jiyva.
    65 | D        | Found an ancient bone altar of Kikubaaqudgha.
    66 | D        | Found a corrupted altar of Lugonu.
    67 | D        | Found a burning altar of Makhleb.
    68 | D        | Found a sparkling altar of Nemelex Xobeh.
    69 | D        | Found an iron altar of Okawaru.
    70 | D        | Became a worshipper of Gozag Ym Sagoz the Greedy
    71 | D        | Found a stormy altar of Qazlal.
    72 | D        | Found a sacrificial altar of Ru.
    73 | D        | Found a shimmering blue altar of Sif Muna.
    74 | D        | Found a bloodstained altar of Trog.
    75 | D        | Found a hide-covered altar of Uskayaw.
    76 | D        | Found a radiant altar of Vehumet.
    77 | D        | Found an ornate altar of the Wu Jian Council.
    78 | D        | Found a shimmering altar of Xom.
    79 | D        | Found a basalt altar of Yredelemnul.
    80 | D        | Found a glowing silver altar of Zin.
    81 | D        | Found a glowing golden altar of the Shining One.
   112 | D        | Noticed a vampire mosquito
   112 | D        | Noticed an acid dragon
   112 | D        | Noticed an acid dragon
   112 | D        | Noticed a kobold brigand
   112 | D        | Noticed a gnoll sergeant
   117 | D        | Killed a gnoll sergeant
   118 | D        | Reached skill level 9 in Polearms
   118 | D        | Reached XP level 5. HP: 44/52 MP: 4/4
   123 | D        | Reached skill level 10 in Polearms
   126 | D        | Killed from afar by an acid dragon

Illustrated notes

Levels and vault maps discovered:
D:        linesprint [early_d, line_temple, items_1, d_10, items_2, lair_1,
          lair_end, items_3, orc_1, orc_end, items_4, d_15, swamp_1, shoals_1,
          snake_1, spider_1, d_20, vaults_1, items_5, swamp_end, shoals_end,
          snake_end, spider_end, vaults_end, d_27, items_6, zot_1, zot_end,
          crypt_end, forest_end, elf_end, slime_end, tomb_end, abyss_end,
          pan_hell_end]

Skill      XL: |  1  2  3  4  5 |
---------------+----------------+-----
Polearms       | 5 7 9 10 | 10.2
Fighting       | 5 6 7 |  7.9
Armour         | 5 6 7 |  7.9
Shields        | |  3.6

Action                     |  1- 3 |  4- 6 || total
---------------------------+-------+-------++-------
  Melee: Trident           |    32 |       ||    32
         Headbutt          |     6 |     2 ||     8
         Halberd           |       |    13 ||    13
    Use: Potion            |     1 |       ||     1
 Armour: Scale mail        |    11 |     3 ||    14
  Dodge: Dodged            |    10 |     5 ||    15
  Block: Buckler           |     1 |       ||     1
